Map: Proxima Station LE

Players

Whiskydog - Winner!

  • Race: Terran Terran
  • League: Silver
  • Spawn Location: 1:00

THEalamak

  • Race: Terran Terran
  • League: Silver
  • Spawn Location: 7:00

VOD

Have the link to the VOD?

Description

Time

  • Played on: June 8, 2017, 3:11 p.m.
  • Length: 14:02
Show
View Real Time Build Order
Export as new Build Order

Whiskydog Terran - Winner!

Build Orders: MMM Bio 

Get SALT Encoding   

  12  0:02  SCV  
  13  0:16  Supply Depot  
  13  0:18  SCV  
  14  0:30  SCV  
  14  0:34  Refinery  
  15  0:45  Barracks  
  15  0:48  SCV  
  16  1:00  Supply Depot  
  16  1:02  SCV  
  17  1:14  SCV  
  18  1:27  Engineering Bay  
  18  1:28  SCV  
  19  1:34  Barracks Reactor  
  19  1:37  Barracks Tech Lab  
  19  1:40  SCV  
  20  1:52  Refinery  
  20  1:58  Barracks  
  20  2:01  Stimpack  
  20  2:03  Marine  
  21  2:13  Orbital Command  
  21  2:31  Factory  
  21  2:38  Marine  
  22  2:45  SCV  
  23  2:52  Supply Depot  
  23  2:58  Barracks Reactor, SCV  
  24  3:08  Marine  
  25  3:13  Terran Infantry Weapons Level 1  
  25  3:21  Factory Tech Lab  
  25  3:23  Starport  
  25  3:31  Barracks  
  25  3:50  Marine x2  
  25  3:53  Command Center  
  27  4:01  Siege Tank  
  30  4:05  Starport Tech Lab  
  30  4:10  Starport Reactor  
  30  4:20  Barracks Reactor  
  30  4:21  Marine  
  30  4:22  Marine x2  
  33  4:30  SCV  
  34  4:39  Marine  
  34  4:42  SCV  
  36  4:50  Starport  
  36  4:55  Supply Depot  
  36  4:57  Supply Depot, Marine  
  37  5:02  Medivac  
  39  5:11  Orbital Command  
  39  5:15  SCV  
  40  5:21  Marine x2  
  40  5:22  Marine  
  43  5:32  Combat Shields  
  43  5:33  Marine x2  
  45  5:39  Starport Tech Lab  
  45  5:40  Medivac  
  45  5:41  Medivac  
  49  5:59  Marine  
  49  6:00  Marine x3  
  49  6:01  Marine  
  54  6:04  Siege Tank  
  57  6:17  Liberator  
  57  6:20  Refinery  
  57  6:21  SCV  
  57  6:23  SCV  
  59  6:26  Marine  
  59  6:27  Marine x3  
  59  6:28  Marine  
  64  6:34  SCV  
  64  6:35  SCV  
  69  6:44  Supply Depot  
  69  6:48  SCV  
  70  7:05  Marine x5, SCV x2  
  77  7:17  SCV  
  77  7:22  Supply Depot  
  78  7:24  Supply Depot  
  78  7:27  Supply Depot  
  78  7:32  Refinery  
  78  7:43  Marine  
  78  7:44  Siege Tank, SCV x2  
  85  7:56  SCV x2  
  87  8:04  Viking  
  87  8:05  Viking  
  89  8:07  Viking  
  89  8:08  Marine  
  89  8:09  Marine x4  
  95  8:30  Missile Turret  
  95  8:35  Missile Turret  
  95  8:36  Missile Turret  
  95  8:37  Viking, Missile Turret, Marine x2  
  95  8:38  Missile Turret x2  
  99  8:44  Medivac  
  99  9:01  Missile Turret  
  99  9:02  SCV x2  
  101  9:12  Marine  
  102  9:46  Command Center  
  102  9:54  Supply Depot  
  102  9:56  Supply Depot  
  102  9:57  Supply Depot x2  
  102  9:59  Supply Depot  
  102  10:00  Siege Tank, Medivac, Marine x5, SCV x2  
  114  10:12  SCV x2  
  116  10:17  Marine  
  116  10:18  Marine x3  
  116  10:19  Marine  
  121  10:23  Medivac  
  123  10:32  Siege Tank  
  123  10:35  Marine  
  126  10:36  Marine  
  126  10:37  Medivac  
  126  10:40  Banshee  
  126  10:41  Marine  
  126  10:42  Marine  
  135  10:45  Marine  
  136  10:53  Marine  
  137  10:57  Barracks  
  137  11:01  Barracks  
  137  11:04  Armory  
  137  11:07  Fusion Core  
  137  11:21  Orbital Command  
  137  11:23  SCV x2  
  139  11:27  Marine x3  
  139  11:28  Marine x2  
  144  11:35  SCV x2  
  144  11:37  Medivac x2  
  150  11:45  Marine x2  
  109  12:29  Marine x4  
  113  12:30  Marine x3  
  116  12:47  Marine  
  116  12:51  Marine x3  
  119  12:53  Siege Tank  
  125  13:02  Marine  
  125  13:04  Marine  
  127  13:08  Barracks Reactor, Marine  
  127  13:10  Barracks Reactor  
  124  13:25  Siege Tank  
Show
View Real Time Build Order
Export as new Build Order

THEalamak Terran 

Build Orders: Reaper Expand 

Get SALT Encoding   

  12  0:25  SCV  
  13  0:39  Supply Depot  
  13  0:54  SCV  
  14  1:02  Refinery  
  14  1:04  Refinery, Barracks  
  14  1:38  Command Center  
  14  1:41  SCV  
  15  1:52  Reaper  
  15  1:53  SCV  
  17  2:05  SCV  
  18  2:19  SCV  
  19  2:22  Supply Depot  
  19  2:31  SCV  
  19  2:35  Factory  
  20  2:43  SCV  
  21  3:20  Orbital Command  
  21  3:21  Factory Tech Lab  
  21  3:34  Command Center  
  21  3:35  Refinery  
  20  3:45  Orbital Command  
  20  3:55  Factory  
  20  3:57  Marine  
  20  3:59  SCV  
  22  4:11  SCV  
  22  4:13  Widow Mine  
  25  4:19  SCV  
  26  4:29  Barracks Reactor  
  26  4:35  SCV  
  26  4:36  Starport, SCV  
  28  4:48  Factory Reactor  
  28  4:55  Siege Tank  
  31  5:01  Orbital Command  
  31  5:04  SCV  
  31  5:06  Refinery  
  32  5:17  Supply Depot  
  32  5:22  Liberator  
  32  5:31  Supply Depot, SCV  
  33  5:36  Barracks Tech Lab  
  36  5:43  SCV  
  36  5:45  Medivac  
  36  5:47  Widow Mine  
  41  5:56  SCV  
  42  6:00  SCV  
  43  6:05  Siege Tank  
  43  6:08  SCV  
  43  6:10  Marine  
  48  6:12  SCV  
  48  6:13  SCV  
  50  6:20  SCV  
  50  6:22  Supply Depot  
  51  6:26  SCV  
  51  6:28  Marine  
  53  6:37  Medivac, Siege Tank  
  53  6:38  Supply Depot  
  58  6:42  Widow Mine x2  
  62  6:48  Engineering Bay  
  62  7:03  SCV  
  62  7:04  SCV x2  
  65  7:12  Armory  
  65  7:15  SCV  
  66  7:26  Widow Mine  
  66  7:27  Widow Mine  
  70  8:05  Siege Tank  
  73  8:06  Viking x2  
  77  8:14  Stimpack  
  77  8:16  Starport  
  77  8:21  Factory  
  77  8:35  Refinery, SCV  
  77  8:36  Viking  
  77  8:37  Siege Tank  
  83  8:43  Fusion Core  
  83  8:47  SCV  
  84  8:48  Refinery  
  84  8:55  Missile Turret  
  80  8:59  Terran Vehicle Weapons Level 1  
  80  9:02  Starport Reactor  
  80  9:04  Starport Tech Lab  
  80  9:06  Factory Tech Lab  
  80  9:08  Viking x2  
  80  9:09  Starport  
  84  9:23  SCV x3, Armory  
  87  9:38  Viking  
  90  9:41  Viking  
  90  9:44  SCV x2  
  93  9:54  Starport Tech Lab  
  93  9:58  Supply Depot  
  93  10:00  Supply Depot  
  93  10:10  Supply Depot  
  93  10:20  SCV  
  94  10:30  Terran Vehicle And Ship Armor Level 1  
  94  10:35  Advanced Ballistics  
  94  10:38  Cloaking Field  
  94  10:41  Command Center  
  94  10:48  Viking x2  
  94  10:49  Viking x2  
  102  10:56  Command Center  
  102  11:13  Sensor Tower  
  102  11:18  Viking x2  
  102  11:19  Viking x2  
  110  11:32  Siege Tank x2  
  116  11:34  Liberator  
  116  11:35  Liberator  
  116  11:41  Sensor Tower  
  110  12:04  Siege Tank  
  113  12:11  Sensor Tower  
  113  12:22  Liberator x2  
  96  12:23  Liberator  
  96  12:28  Siege Tank  
  95  12:36  Siege Tank  
  98  12:42  Sensor Tower  
  106  13:05  Orbital Command  
  99  13:36  Missile Turret  
  77  13:56  Missile Turret  
Tags
 
Composition
MMM Bio
Matchup
TvT
Race
Terran
Replay Pack
SIII
Spawn Locations
Cross Positions
Add a new tag
Caveats
  • Supply blocks, unpowered buildings, or Contaminate may cause inaccurate times.
  • Supply counts are checked every 10 seconds.